 Dungeon Crawl Stone Soup version 0.21.1-1-g345015fe64 (webtiles) character file.

801 Oravi the Slinger (level 8, -1/50 HPs)
             Began as a Halfling Hunter on Apr 18, 2018.
             Was a Believer of Okawaru.
             Slain by a jackal (2 damage)
             ... on level 7 of the Dungeon.
             The game lasted 00:19:27 (4263 turns).

Oravi the Slinger (Halfling Hunter)                 Turns: 4263, Time: 00:19:28

Health: -1/50      AC:  8    Str: 13    XL:     8   Next: 14%
Magic:  8/8        EV: 15    Int:  9    God:    Okawaru [**....]
Gold:   340        SH:  6    Dex: 25    Spells: 7/7 levels left

rFire    . . .     SeeInvis .   j - +2 dagger (venom)
rCold    . . .     Gourm    .   A - +0 buckler
rNeg     . . .     Faith    .   c - +0 leather armour
rPois    .         Spirit   .   o - +1 helmet
rElec    .         Reflect  .   g - +0 cloak
rCorr    .         Harm     .   q - +0 pair of gloves {Dex+3}
MR       .....                  e - +0 pair of boots
Stlth    ++........             y - amulet of rage
HPRegen  0.16/turn              p - +3 ring of dexterity
MPRegen  0.11/turn              (no ring)

@: flying
A: small, agile 1, mutation resistance 1
a: Heroism, Renounce Religion, Evoke Berserk Rage


You were on level 7 of the Dungeon.
You worshipped Okawaru.
Okawaru was pleased with you.
You were hungry.

You visited 2 branches of the dungeon, and saw 8 of its levels.

You collected 340 gold pieces.

Inventory:

Hand Weapons
 a - a +2 hunting sling
 b - a +0 short sword
 j - a +2 dagger of venom (weapon)
Missiles
 d - 3 sling bullets
 h - 145 stones (quivered)
Armour
 c - a +0 leather armour (worn)
 e - a +0 pair of boots (worn)
 g - a +0 cloak (worn)
 o - a +1 helmet (worn)
 q - a +0 pair of gloves of dexterity (worn)
 A - a +0 buckler (worn)
 B - a +3 ring mail
Jewellery
 p - a +3 ring of dexterity (left hand)
 y - an amulet of rage (around neck)
 C - an uncursed amulet of harm {unknown}
Scrolls
 i - 4 scrolls of remove curse
 k - a scroll of fear
 l - 2 scrolls of magic mapping
 m - a scroll of enchant armour
 r - a scroll of teleportation
 s - a scroll of enchant weapon
 u - 4 scrolls of fog
Potions
 n - 4 potions of agility
 x - a potion of haste {unknown}
Comestibles
 f - 10 rations


   Skills:
 - Level 2.0 Fighting
 * Level 3.3 Short Blades
 + Level 11.7 Slings
 + Level 2.0 Armour
 + Level 2.8 Dodging
 - Level 1.1 Stealth
 + Level 0.1 Shields


You had 7 spell levels left.
You didn't know any spells.

Dungeon Overview and Level Annotations

Branches:
Dungeon (7/15)             Temple (1/1) D:5

Altars:
Ashenzari
Cheibriados
Dithmenos
Elyvilon
Fedhas
Gozag
Hepliaklqana
Kikubaaqudgha
Makhleb
Nemelex Xobeh
Okawaru
Qazlal
Ru
Sif Muna
Trog
Uskayaw
Vehumet
Wu Jian
Xom
Yredelemnul
Zin
The Shining One

Annotations:
D:7 Duvessa


Innate Abilities, Weirdness & Mutations

You are small and have problems with some larger weapons.
You are somewhat resistant to further mutation.
You are agile. (Dex +2)


Message History

The tomahawk hits you.
* * * LOW HITPOINT WARNING * * *
The jackal misses you.
You see here a tomahawk.
Duvessa says, "I will journey to Hell to retrieve him!"
It was a potion of curing.
You feel better. You block the jackal's attack. Something hits you.
* * * LOW HITPOINT WARNING * * *
Something shocks you.
* * * LOW HITPOINT WARNING * * *
The jackal misses you.
The orc throws a tomahawk.
The tomahawk closely misses you.
The tomahawk barely misses the jackal.
You block the jackal's attack.
The jackal bites you but does no damage.
It was a potion of flight.
You feel very buoyant.
You fly up into the air.
The jackal bites you but does no damage. x2
Something hits you but does no damage. The jackal bites you.
You die...

...$#...........................
... #.$.........................
.. #...........................
#....o..............<).....(
#.......ao..................
#...........................
#........(o.................
#..........{Z...............
#.........eh@...............
#..........hh...............
#.......%..(................
#............((.....
#...................
...................
..................
.Z...............


You could see Duvessa, a worker ant, 3 orcs, an adder zombie and 3 jackals.

Vanquished Creatures
  Edmund (D:5)
  An ice beast (D:5)
  A bullfrog (D:6)
  Dowan (D:7)
  2 crimson imps (D:5)
  A hound (D:6)
  2 jellies
  An iguana (D:5)
  Jessica (D:2)
  3 worker ants
  A hound zombie (D:6)
  7 adders
  3 gnolls (D:6)
  A shadow imp (D:6)
  An ooze (D:1)
  An adder zombie (D:6)
  A worm (D:3)
  2 leopard geckos
  2 orcs
  4 ball pythons
  4 giant cockroaches
  6 goblins
  7 hobgoblins
  10 jackals
  5 kobolds
  A quokka (D:5)
  5 bats
  4 frilled lizards
  A jackal zombie (D:5)
  A leopard gecko skeleton (D:5)
  A quokka zombie (D:5)
  8 rats
90 creatures vanquished.

Notes
Turn   | Place    | Note
-------+----------+-------------------------------------------
     0 | D:1      | Oravi the Halfling Hunter began the quest for the Orb.
     0 | D:1      | Reached XP level 1. HP: 14/14 MP: 1/1
    47 | D:1      | Reached skill level 6 in Slings
   247 | D:1      | Reached XP level 2. HP: 19/19 MP: 2/2
   254 | D:1      | Found a shattered altar of Ashenzari.
   563 | D:1      | Reached XP level 3. HP: 24/24 MP: 3/3
   832 | D:2      | Reached skill level 7 in Slings
   902 | D:2      | Reached XP level 4. HP: 29/29 MP: 4/4
  1054 | D:2      | Gained mutation: Your mind is acute. (Int +2) [potion of mutation]
  1055 | D:2      | Lost mutation: Your mind is acute. (Int +2) [potion of mutation]
  1055 | D:2      | Gained mutation: You are agile. (Dex +2) [potion of mutation]
  1190 | D:2      | Reached skill level 8 in Slings
  1199 | D:2      | Found an iron altar of Okawaru.
  1384 | D:2      | Became a worshipper of Warmaster Okawaru
  1461 | D:2      | Noticed Jessica
  1462 | D:2      | Killed Jessica
  1462 | D:2      | Reached XP level 5. HP: 34/34 MP: 5/5
  1615 | D:3      | Found a bloodstained altar of Trog.
  2020 | D:4      | Reached skill level 1 in Armour
  2293 | D:5      | Entered Level 5 of the Dungeon
  2299 | D:5      | Reached skill level 1 in Short Blades
  2299 | D:5      | Reached skill level 9 in Slings
  2388 | D:5      | Found a staircase to the Ecumenical Temple.
  2520 | D:5      | Reached XP level 6. HP: 39/39 MP: 6/6
  2658 | D:5      | Noticed an ice beast
  2674 | D:5      | Killed an ice beast
  2674 | D:5      | Reached * piety under Okawaru
  2674 | D:5      | Reached skill level 10 in Slings
  2680 | D:5      | Noticed Edmund
  2856 | D:5      | Reached XP level 7. HP: 45/45 MP: 7/7
  2940 | Temple   | Entered the Ecumenical Temple
  3356 | D:5      | Killed Edmund
  3649 | D:6      | Reached skill level 11 in Slings
  3676 | D:6      | Reached ** piety under Okawaru
  3858 | D:6      | Found a basalt altar of Yredelemnul.
  3884 | D:6      | Reached XP level 8. HP: 50/50 MP: 8/8
  4204 | D:7      | Noticed Duvessa
  4204 | D:7      | Noticed Dowan
  4222 | D:7      | Killed Dowan
  4262 | D:7      | HP: 1/50 [something (5)]
  4263 | D:7      | Slain by a jackal

Skill      XL: |  1  2  3  4  5  6  7 |
---------------+----------------------+-----
Slings         | 6 7 8 9 10 11 | 11.7
Fighting       | 2 |  2.0
Armour         | 1 2 |  2.0
Short Blades   | 1 2 3 |  3.3
Dodging        | |  2.8
Stealth        | |  1.1
Shields        | |  0.1

Action                   |  1- 3 |  4- 6 |  7- 9 || total
-------------------------+-------+-------+-------++-------
Melee: Dagger            |       |     8 |    23 ||    31
       Short sword       |       |       |     6 ||     6
 Fire: Hunting sling     |    55 |   194 |   106 ||   355
Invok: Heroism           |       |       |     2 ||     2
  Use: Scroll            |       |    10 |     5 ||    15
       Potion            |       |     2 |     3 ||     5
  Eat: Chunk             |       |     5 |     4 ||     9
Armor: Leather armour    |     2 |    12 |    27 ||    41
Dodge: Dodged            |     4 |    37 |    40 ||    81
Block: Buckler           |       |       |    19 ||    19
